 Dungeon Crawl Stone Soup version 0.24-a0-484-g962a3eeff7 (webtiles) character file.

Game seed: 9055712937144431765

196 Mrkan the Chopper (level 5, -1/47 HPs)
             Began as a Hill Orc Abyssal Knight on July 9, 2019.
             Was a Believer of Lugonu.
             Succumbed to a goblin's poison
             ... on level 3 of the Dungeon.
             The game lasted 00:06:12 (2549 turns).

Mrkan the Chopper (Hill Orc Abyssal Knight)         Turns: 2549, Time: 00:06:12

Health: -1/47      AC:  8    Str: 14 (16) XL:     5   Next: 75%
Magic:  8/8        EV:  6    Int:  9 (12) God:    Lugonu [**....]
Gold:   54         SH:  0    Dex:  9 (10) Spells: 4/4 levels left

rFire    . . .     SeeInvis .   a - +1 hand axe
rCold    . . .     Gourm    .   (no shield)
rNeg     . . .     Faith    .   j - +0 chain mail
rPois    .         Spirit   .   (no helmet)
rElec    .         Reflect  .   (no cloak)
rCorr    .         Harm     .   (no gloves)
MR       .....                  (no boots)
Stlth    ..........             (no amulet)
HPRegen  0.15/turn              (no ring)
MPRegen  0.11/turn              (no ring)

@: lethally poisoned (-1 -> -9), berserk cooldown, flying, very slightly
contaminated, slowed, invisible, very slow
A: no striking features
a: Depart the Abyss, Bend Space, Renounce Religion


You were on level 3 of the Dungeon.
You worshipped Lugonu.
Lugonu was pleased with you.
You were hungry.

You visited 1 branch of the dungeon, and saw 3 of its levels.
You visited the Abyss 1 time.

You collected 54 gold pieces.

Inventory:

Hand Weapons
 a - a +1 hand axe (weapon)
 e - a +0 hunting sling
 p - a +0 hunting sling
Missiles
 d - 134 stones (quivered)
 q - 14 sling bullets
Armour
 j - a +0 chain mail (worn)
Jewellery
 b - an uncursed ring of protection from cold {unknown}
 h - a cursed -4 ring of strength {unknown}
Scrolls
 f - a scroll of immolation {unknown}
 g - 4 scrolls of identify {unknown}
 i - a scroll of magic mapping {unknown}
 k - a scroll of teleportation {unknown}
 n - a scroll of remove curse {unknown}
Comestibles
 c - 5 rations
 s - 4 chunks of flesh


   Skills:
 + Level 4.9 Fighting
 * Level 5.7 Axes
 - Level 2.1 Armour
 - Level 0.7 Dodging
 + Level 4.2 Invocations


You had 4 spell levels left.
You didn't know any spells.
Your spell library was empty.

Dungeon Overview and Level Annotations

Branches:
Dungeon (3/15)

Altars:
Dithmenos
Gozag
Kikubaaqudgha
Ru


Message History

You feel sick.
* * * LOW HITPOINT WARNING * * *
You feel sick.
It was a potion of degeneration.
There was something very wrong with that liquid.
You feel weakened.
You feel dopey.
You feel clumsy.
* * * LOW HITPOINT WARNING * * *
You feel sick.
It was a potion of flight.
You feel very buoyant.
You fly up into the air.
* * * LOW HITPOINT WARNING * * *
You feel sick.
It was a potion of invisibility.
You fade into invisibility!
* * * LOW HITPOINT WARNING * * *
You feel sick.
You are very lightly contaminated with residual magic.
You are feeling hungry.
You die...

# #.#..........#.#...
####.#.#.###..#####.#..#
.....#......#.# #......#
.>.......##.#.# #.#.....
........##.#.###.....##
#......##...........##
..#.....))............##
......%.)###############
.##...@..........
#=....#...#...#
###...)†.......
##..#.).#...#
..............
#......#########
....#.## ....#.. ......


There were no monsters in sight!

Vanquished Creatures
  An orc priest (D:3)
  An orc wizard (D:3)
  A gnoll (D:1)
  3 adders
  4 oozes
  3 dart slugs
  3 leopard geckos
  5 orcs (D:3)
  2 giant cockroaches
  9 goblins
  8 hobgoblins
  A quokka (D:3)
  3 bats
  11 frilled lizards
  13 kobolds
  6 rats
74 creatures vanquished.

Notes
Turn   | Place    | Note
-------+----------+-------------------------------------------
     0 | Abyss:1  | Mrkan the Hill Orc Abyssal Knight began the quest for the
                  | Orb.
     0 | Abyss:1  | Reached XP level 1. HP: 19/19 MP: 2/2
    36 | Abyss:1  | Noticed a shadow
    50 | Abyss:1  | Noticed a purple very ugly thing
    67 | Abyss:1  | Noticed a shadow dragon
    83 | D:1      | Escaped the Abyss
   612 | D:1      | Reached skill level 3 in Axes
   612 | D:1      | Reached XP level 2. HP: 11/27 MP: 4/4
   684 | D:1      | Reached * piety under Lugonu
   690 | D:1      | Reached XP level 3. HP: 16/33 MP: 5/5
   985 | D:1      | Reached skill level 4 in Axes
  1738 | D:2      | You fall into a shaft and drop 1 floor!
  1748 | D:3      | Reached XP level 4. HP: 36/40 MP: 6/6
  1933 | D:2      | Reached ** piety under Lugonu
  2149 | D:2      | Found a sacrificial altar of Ru.
  2192 | D:2      | Reached skill level 5 in Axes
  2202 | D:2      | Found an ancient bone altar of Kikubaaqudgha.
  2203 | D:2      | Found a shadowy altar of Dithmenos.
  2249 | D:2      | Found a faded altar of an unknown god.
  2410 | D:3      | Found an opulent altar of Gozag.
  2463 | D:3      | Reached XP level 5. HP: 17/47 MP: 7/7
  2546 | D:3      | HP: 2/47 [poisoned by a goblin]
  2549 | D:3      | Succumbed to a goblin's poison

Levels and vault maps discovered:
D:1:      erik_arrival_gehennom, layout_basic, roderic_serpentine_path,
          solitary_fountain
D:2:      layout_rooms, gammafunk_temple_overflow_statue, lemuel_doored_altar,
          serial_curves, eino_curves_01, eino_curves_03, first_ration,
          chequers_ecumenical_altar_twisty
D:3:      kennysheep_goblin_castle, layout_basic,
          nicolae_overflow_hidden_temple, lemuel_coloured_pillars_altar,
          nicolae_overflow_crystal_walls, uniq_ijyb

Skill      XL: |  1  2  3  4  5 |
---------------+----------------+-----
Axes           | 3 4 5 |  5.7
Invocations    | 3 4 |  4.2
Fighting       | 4 |  4.9
Armour         | |  2.1
Dodging        | |  0.7

Action                   |  1- 3 |  4- 6 || total
-------------------------+-------+-------++-------
Melee: Hand axe          |    90 |   140 ||   230
Invok: Depart the Abyss  |     1 |       ||     1
  Use: Potion            |       |     5 ||     5
 Stab: Sleeping          |     1 |       ||     1
  Eat: Chunk             |     3 |     2 ||     5
Armor: Leather armour    |    15 |       ||    15
       Chain mail        |    29 |   101 ||   130
Dodge: Dodged            |    42 |    52 ||    94

Table legend:
 A = Non-vault XP
 B = Vault XP
 C = Vault XP percentage of total XP
 D = Non-vault monster count
 E = Vault monster count
 F = Vault count percentage of total count
                 A         B        C        D         E       F
            +---------+---------+-------+---------+---------+-------
      Total |     264 |      17 |   6.0 |      69 |       5 |   6.8
            +---------+---------+-------+---------+---------+-------
        D:1 |      59 |      17 |  22.4 |      26 |       5 |  16.1
        D:2 |      70 |       0 |   0.0 |      24 |       0 |   0.0
        D:3 |     135 |       0 |   0.0 |      19 |       0 |   0.0
            +---------+---------+-------+---------+---------+-------
